 Dungeon Crawl Stone Soup version 0.30-a0-1164-ge08a67761e (webtiles) character file.

Game seed: 4195407603842084943

126 NateTC the Chopper (level 4, -6/40 HPs)
             Began as a Draconian Reaver on Apr 29, 2023.
             Killed from afar by Sigmund (10 damage)
             ... with a puff of flame
             ... on level 3 of the Dungeon.
             The game lasted 00:06:37 (2149 turns).

NateTC the Chopper (Draconian Reaver)               Turns: 2149, Time: 00:06:38

Health: -6/40      AC:  5    Str: 16    XL:     4   Next: 84%
Magic:  7/7        EV: 12    Int: 13    God:
Gold:   116        SH:  0    Dex: 10    Spells: 5/7 levels left

rFire   . . .        a - +0 hand axe
rCold   . . .        (no shield)
rNeg    . . .        (body armour unavailable)
rPois   .            (helmet restricted)
rElec   .            (no cloak)
rCorr   .            (no gloves)
SInv    .            (no boots)
Will    .....        (no amulet)
Stlth   +            (no ring)
HPRegen 0.26/turn    (no ring)
MPRegen 0.10/turn

%: no passive effects
@: no status effects
A: AC +5, unfitting armour, cold-blooded
a: no special abilities


You were on level 3 of the Dungeon.
You visited 1 branch of the dungeon, and saw 3 of its levels.

You collected 116 gold pieces.

Inventory:

Hand Weapons
 a - a +0 hand axe (weapon)
Jewellery
 k - a ring of positive energy
Scrolls
 g - a scroll of noise
Potions
 b - a potion of flight {unknown}
 c - 2 potions of curing {unknown}
 d - 3 potions of lignification
 e - 2 potions of heal wounds {unknown}
 f - 2 potions of might {unknown}
 h - a potion of attraction {unknown}
 l - a potion of mutation {unknown}
 m - a potion of brilliance {unknown}


   Skills:
 - Level 3.7 Fighting
 + Level 3.8 Axes
 - Level 1.7 Dodging
 - Level 2.0 Spellcasting
 * Level 3.6 Conjurations
 * Level 1.8 Fire Magic


You had 5 spell levels left.
You knew the following spells:

 Your Spells              Type           Power      Damage    Failure   Level
a - Kiss of Death         Conj/Necr      24%        2d7       12%         1
b - Foxfire               Conj/Fire      32%        2x1d5     9%          1

Your spell library contained the following spells:

 Spells                   Type           Power      Damage    Failure   Level
 Momentum Strike          Conj/Tloc      12%        3d8       19%         2
 Sandblast                Erth           2%         2d4       26%         1
 Blink                    Tloc           2%         N/A       36%         2
 Lesser Beckoning         Tloc           2%         N/A       36%         2
 Passwall                 Tmut/Erth      0%         N/A       36%         2
 Hailstorm                Conj/Ice       6%         3d4       36%         3
 Stone Arrow              Conj/Erth      12%        3d7       36%         3
 Ignite Poison            Fire/Tmut/Pois 2%         N/A       52%         3
 Haunt                    Necr/Summ      0%         N/A       100%        7
 Fire Storm               Conj/Fire      4%         8d1       100%        9


Dungeon Overview and Level Annotations

Branches:
Dungeon (3/15) Zot: 15827

Altars:

Annotations:
D:3 Sigmund


Innate Abilities, Weirdness & Mutations

Your plain brown scales are hard. (AC +5)
You cannot fit into any form of body armour.
You are cold-blooded and may be slowed by cold attacks.


Message History

Sigmund closely misses you.
You slash Sigmund!
Sigmund is heavily wounded.
Sigmund hits you with a +0 scythe!
You hit Sigmund.
Your tail-slap misses Sigmund.
Sigmund is heavily wounded.
You barely miss Sigmund.
You tail-slap Sigmund, but do no damage.
Sigmund is heavily wounded.
Sigmund barely misses you.
You hit Sigmund but do no damage.
Sigmund is heavily wounded.
Sigmund closely misses you.
You barely miss Sigmund.
Sigmund is heavily wounded.
Sigmund misses you.
You hit Sigmund.
Your tail-slap misses Sigmund.
Sigmund is heavily wounded.
You barely miss Sigmund.
Sigmund is heavily wounded.
Sigmund hits you with a +0 scythe!
You hit Sigmund.
Sigmund is severely wounded.
Sigmund barely misses you.
You hit Sigmund.
Sigmund is severely wounded.
Sigmund gestures at you while chanting. The puff of flame hits you!
* * * LOW HITPOINT WARNING * * *
You barely miss Sigmund.
Sigmund is severely wounded.
Sigmund hits you with a +0 scythe.
* * * LOW HITPOINT WARNING * * *
You closely miss Sigmund.
Your tail-slap misses Sigmund.
Sigmund is severely wounded.
You hit Sigmund.
Your tail-slap misses Sigmund.
Sigmund is almost dead.
Sigmund casts a spell at you. The puff of flame hits you!
You die...

#.##.# #.##.#
#.##.# #.##.#
#.##.#
#############.#...
#...............#.
#.##########......
#@# .......... #@#
####...### #.#
##.## ..# ### ###


You could see Sigmund.

Vanquished Creatures
  3 gnolls (D:3)
  5 adders
  A dart slug (D:2)
  3 endoplasms
  5 giant cockroaches
  3 goblins (D:2)
  3 hobgoblins
  5 jackals
  4 kobolds
  2 quokkas (D:2)
  3 ball pythons
  7 bats
  3 frilled lizards
  7 rats
54 creatures vanquished.

Vanquished Creatures (others)
  36 foxfires
36 creatures vanquished.

Grand Total: 90 creatures vanquished

Notes
Turn   | Place    | Note
-------+----------+-------------------------------------------
     0 | D:1      | NateTC the Draconian Reaver began the quest for the Orb.
     0 | D:1      | Reached XP level 1. HP: 17/17 MP: 3/3
   346 | D:1      | Reached XP level 2. HP: 17/20 MP: 5/5
   914 | D:2      | Reached XP level 3. HP: 9/30 MP: 6/6
  1024 | D:2      | Got Sif Muna's Enchiridion on the Smouldering Escort
  1027 | D:2      | Learned a level 1 spell: Foxfire
  1086 | D:2      | Reached skill level 1 in Fire Magic
  1086 | D:2      | Reached XP level 4. HP: 32/40 MP: 7/7
  2130 | D:3      | Noticed Sigmund
  2149 | D:3      | Killed from afar by Sigmund

Illustrated notes

Levels and vault maps discovered:
D:1:      tarquinn_simple_flora_water_b, layout_loops_ring, minivault_23,
          minmay_fountain_box, minmay_surrounded
D:2:      layout_rooms
D:3:      layout_loops_ring, lemuel_crystal_altar,
          chequers_hall_statues_corner_a, grunt_decor_mini_mirrors,
          minmay_misc_feat_alley, uniq_sigmund, uniq_pargi

Skill      XL: |  1  2  3 |
---------------+----------+-----
Fighting       | 3 |  3.7
Fire Magic     | 1 |  1.8
Axes           | |  3.8
Dodging        | |  1.7
Spellcasting   | |  2.0
Conjurations   | |  3.6

Action                     |  1- 3 |  4- 6 || total
---------------------------+-------+-------++-------
  Melee: Hand axe          |    90 |    71 ||   161
         Tailslap          |     7 |     3 ||    10
   Cast: Kiss of Death     |     3 |       ||     3
         Foxfire           |     2 |    20 ||    22
    Use: Scroll            |     3 |     2 ||     5
 Armour: Skin              |    22 |    27 ||    49
  Dodge: Dodged            |    84 |    78 ||   162

Table legend: (Time is in decaauts)
 A = Elapsed time spent in this place.
 B = Non-inter-level travel time spent in this place.
 C = Inter-level travel time spent in this place.
 D = Time resting spent in this place.
 E = Time spent auto-exploring this place.
 F = Levels seen in this place.
 G = Mean time per level.
                   A        B        C        D        E       F      G
               +--------+--------+--------+--------+--------+-----+--------+
         Total |   2171 |   2122 |     49 |    486 |   1059 |   3 |  723.7 |
       Dungeon |   2171 |   2122 |     49 |    486 |   1059 |   3 |  723.7 |
               +--------+--------+--------+--------+--------+-----+--------+

Top non-repeatable levels by time:
     D:1: 969 daAuts
     D:2: 793 daAuts
     D:3: 409 daAuts
